 Dungeon Crawl Stone Soup version 0.26-a0-651-gb41185065b (webtiles) character file.

Game seed: 3854142706715309231

7459 Flugslaktarn the Cleaver (level 10, -1/98 HPs)
             Began as a Deep Dwarf Fighter on Oct 7, 2020.
             Was an Elder of Makhleb.
             Collided with a stone wall (8 damage)
             ... caused by a deep elf knight
             ... on level 9 of the Dungeon.
             The game lasted 00:04:33 (4404 turns).

Flugslaktarn the Cleaver (Deep Dwarf Fighter)       Turns: 4404, Time: 00:04:33

Health: -1/98      AC: 15    Str: 21    XL:     10   Next: 94%
Magic:  3/3        EV:  8    Int:  9    God:    Makhleb [****..]
Gold:   440        SH: 10    Dex: 14    Spells: 9/9 levels left

rFire    . . .     SeeInvis .   a - +1 war axe
rCold    . . .     Faith    +   o - +0 kite shield
rNeg     . . .     Spirit   .   s - +0 plate armour
rPois    .         Reflect  .   (no helmet)
rElec    .         Harm     .   G - +0 cloak
rCorr    .         Rampage  .   (no gloves)
MR       +....                  f - +0 pair of boots
Stlth    ..........             D - amulet of faith
HPRegen  0.00/turn              v - +4 ring of evasion
MPRegen  0.08/turn              (no ring)

@: lethally poisoned (-1 -> -1), non-regenerating, slowed, heavily drained, very
slow
A: damage resistance, heal wounds, sense surroundings 2, no regeneration
a: Heal Wounds, Minor Destruction, Lesser Servant of Makhleb, Major Destruction,
Renounce Religion


You were on level 9 of the Dungeon.
You worshipped Makhleb.
Makhleb was greatly pleased with you.
You visited 1 branch of the dungeon, and saw 9 of its levels.
You also visited: Ossuary.

You collected 440 gold pieces.

Inventory:

Hand Weapons
 a - a +1 war axe (weapon)
Armour
 f - a +0 pair of boots (worn)
   (You found it on level 7 of the Dungeon)
 j - a scarf of repulsion
   (You found it on level 4 of the Dungeon)
 o - a +0 kite shield (worn)
 s - a +0 plate armour (worn)
   (You took it off an orc warrior on level 8 of the Dungeon)
 G - a +0 cloak (worn)
   (You took it off Crazy Yiuf on level 6 of the Dungeon)
Jewellery
 v - a +4 ring of evasion (left hand)
   (You found it on level 6 of the Dungeon)
 D - an amulet of faith (around neck)
   (You found it on level 6 of the Dungeon)
Wands
 c - a wand of iceblast (8)
   (You found it on level 8 of the Dungeon)
 g - a wand of paralysis (3)
   (You found it on level 5 of the Dungeon)
 k - a wand of enslavement (9)
   (You found it on level 4 of the Dungeon)
 C - a wand of digging (7)
   (You took it off Sigmund on level 6 of the Dungeon)
Scrolls
 b - 2 scrolls of fog
 e - a scroll of silence
 i - 2 scrolls of fear
 m - a scroll of enchant weapon
 r - a scroll of identify
 t - 3 scrolls of teleportation
 y - 2 scrolls of immolation
Potions
 d - 2 potions of might
 h - a potion of haste
 l - 2 potions of flight
 n - 3 potions of resistance
 q - 8 potions of curing
 u - 2 potions of invisibility {unknown}
 w - 3 potions of heal wounds
 z - a potion of cancellation
 B - 2 potions of lignification {unknown}


   Skills:
 * Level 8.9(6.9) Fighting
 * Level 10.2(8.1) Axes
 + Level 7.8(5.8) Armour
 + Level 8.0(6.0) Shields
 + Level 7.1(5.1) Invocations
 + Level 1.1(0.0) Evocations


You had 9 spell levels left.
You didn't know any spells.
Your spell library was empty.

Dungeon Overview and Level Annotations

Branches:
Dungeon (9/15)             Temple (0/1) D:6         Ossuary (visited)
   Lair: D:8-11         Orc: D:9-12

Altars:
Ashenzari
Dithmenos
Hepliaklqana
Kikubaaqudgha
Makhleb
Nemelex Xobeh
Okawaru
Ru
Sif Muna
Trog
Yredelemnul
Zin

Shops:
D:4 ?

Annotations:
D:9 2 transporters, donkeybrains's ghost, novice MiFi


Innate Abilities, Weirdness & Mutations

You are resistant to damage.
You can heal yourself by infusing magical energy.
You passively map the area around you.
You do not regenerate.


Message History

You feel much better.
The harpy claws your hellwing but does no damage.
The harpy barely misses your hellwing.
The deep elf knight hits you but does no damage.
You feel drained. You block the hornet's attack.
The deep elf knight hits you but does no damage.
You feel drained.
Your hellwing hits the harpy. Your hellwing hits the harpy!
Your hellwing hits the deep elf knight!
Your hellwing misses the deep elf knight.
The hornet stings you!
* * * LOW HITPOINT WARNING * * *
You feel as though you will be slow longer.
You block the harpy's attack. The harpy claws you but does no damage.
You feel much better. The harpy claws you! You block the harpy's attack.
The deep elf knight points at you and mumbles some strange words.
The lance of force hits you!!
* * * LOW HITPOINT WARNING * * *
You are knocked back by the lance of force.
You slam into the stone wall!
You die...

,##...# #.## *
.##..## #.##
#######.###..#
#.#.
#......##.#..#
#.>.
#$....##..†.##
#... #...#
#...#.# ##..
##4#####†####
##.
#..e..H...# ##
#..y@4..### #
#....####,, ,
# ###### , * #
,, , # , , *#
,,, * , * **,
*


You could see a deep elf knight (fast), a harpy, a hornet and 2 friendly
hellwings.

Vanquished Creatures
  A two-headed ogre (D:8)
  A fire crab (D:9)
  Psyche (D:8)
  A komodo dragon (D:9)
  6 yaks (D:9)
  Sigmund (D:6)
  2 ice beasts
  3 phantoms
  2 sky beasts
  2 orc warriors (D:8)
  3 ogres
  5 centaurs
  A necrophage (D:5)
  An eye of draining (D:8)
  A crocodile (D:9)
  2 big kobolds
  6 bullfrogs
  5 scorpions
  6 killer bees (D:8)
  14 wights
  A howler monkey (D:7)
  A bullfrog zombie (D:8)
  A quasit (D:7)
  2 jellies
  A centaur zombie (D:5)
  7 orc priests
  2 centaur skeletons
  4 hounds
  6 orc wizards
  Crazy Yiuf (D:6)
  A bullfrog skeleton (D:7)
  2 iguanas
  8 worker ants
  2 killer bee zombies
  A hound zombie (D:8)
  A hound skeleton (D:4)
  5 mummies
  A worker ant zombie (D:8)
  10 adders
  A howler monkey skeleton (D:9)
  2 shadow imps
  2 white imps
  2 ufetubi
  An ooze (D:4)
  2 adder skeletons (D:4)
  An adder zombie (D:7)
  A worm (D:4)
  A dart slug (D:2)
  3 leopard geckos
  37 orcs
  A ball python (D:1)
  3 bats
  5 giant cockroaches
  2 goblins (D:1)
  3 jackals (D:7)
  12 kobolds
  2 quokkas
  A frilled lizard (D:1)
  2 hobgoblin zombies (Ossuary)
  2 leopard gecko skeletons
207 creatures vanquished.

Notes
Turn   | Place    | Note
-------+----------+-------------------------------------------
     0 | D:1      | Flugslaktarn the Deep Dwarf Fighter began the quest for the
                  | Orb.
     0 | D:1      | Reached XP level 1. HP: 20/20 MP: 1/1
    64 | D:2      | Reached XP level 2. HP: 25/27 MP: 2/2
   193 | D:3      | Reached skill level 3 in Axes
   193 | D:3      | Reached XP level 3. HP: 29/34 MP: 3/3
   376 | D:4      | Reached XP level 4. HP: 30/42 MP: 4/4
   432 | D:4      | Reached XP level 5. HP: 47/50 MP: 5/5
   504 | D:4      | Noticed an ogre
   513 | D:4      | Killed an ogre
   513 | D:4      | Reached skill level 4 in Axes
   525 | D:4      | Reached XP level 6. HP: 57/57 MP: 6/6
   540 | D:4      | Found Otarid's Magic Scroll Shoppe.
   924 | D:5      | Entered Level 5 of the Dungeon
  1009 | D:5      | Reached skill level 5 in Axes
  1013 | D:5      | Reached XP level 7. HP: 53/66 MP: 6/6
  1016 | D:5      | Found a sacrificial altar of Ru.
  1016 | D:5      | Found an iron altar of Okawaru.
  1029 | D:5      | Reached skill level 5 in Fighting
  1041 | D:5      | Found a shadowy altar of Dithmenos.
  1041 | D:5      | Found a burning altar of Makhleb.
  1042 | D:5      | Found a shimmering blue altar of Sif Muna.
  1042 | D:5      | Found a bloodstained altar of Trog.
  1042 | D:5      | Found a hazy altar of Hepliaklqana.
  1067 | D:5      | Became a worshipper of Makhleb the Destroyer
  1118 | D:5      | Reached skill level 5 in Shields
  1137 | D:5      | Reached skill level 1 in Invocations
  1164 | D:5      | Reached skill level 5 in Armour
  1169 | D:5      | Reached skill level 6 in Axes
  1200 | D:5      | You fall into a shaft and drop 1 floor!
  1208 | D:6      | Reached XP level 8. HP: 49/75 MP: 6/6
  1386 | D:5      | Reached * piety under Makhleb
  1418 | D:5      | Found a basalt altar of Yredelemnul.
  1591 | D:6      | Noticed Sigmund
  1639 | D:6      | Killed Sigmund
  1639 | D:6      | Reached skill level 7 in Axes
  1662 | D:6      | Found a sand-covered staircase.
  1689 | Ossuary  | Entered an ossuary
  1932 | D:6      | Found a staircase to the Ecumenical Temple.
  2048 | D:6      | Gained mutation: You passively map the area around you.
                  | [Deep Dwarf growth]
  2048 | D:6      | Reached XP level 9. HP: 50/85 MP: 4/4
  2231 | D:6      | Found a runed translucent door.
  2232 | D:6      | Noticed Crazy Yiuf
  2467 | D:6      | Killed Crazy Yiuf
  2588 | D:7      | Reached ** piety under Makhleb
  2651 | D:7      | Reached skill level 8 in Axes
  2916 | D:7      | Found a sparkling altar of Nemelex Xobeh.
  3212 | D:8      | Reached skill level 5 in Invocations
  3244 | D:8      | Reached *** piety under Makhleb
  3320 | D:8      | Noticed a two-headed ogre
  3345 | D:8      | Killed a two-headed ogre
  3345 | D:8      | Reached skill level 9 in Axes
  3345 | D:8      | Reached XP level 10. HP: 46/96 MP: 0/5
  3407 | D:8      | Noticed Psyche
  3430 | D:8      | Killed Psyche
  3541 | D:8      | Reached **** piety under Makhleb
  3726 | D:8      | Found a broken altar of Ashenzari.
  3727 | D:8      | Found a sparkling altar of Nemelex Xobeh.
  3977 | D:9      | Found an ancient bone altar of Kikubaaqudgha.
  4051 | D:9      | Found a transporter.
  4055 | D:9      | Found a transporter.
  4055 | D:9      | Noticed donkeybrains's ghost (novice MiFi)
  4220 | D:9      | Found a glowing silver altar of Zin.
  4322 | D:9      | Reached skill level 10 in Axes
  4373 | D:9      | Noticed a deep elf knight
  4374 | D:9      | Noticed a harpy
  4378 | D:9      | Noticed a fire crab
  4396 | D:9      | Killed a fire crab
  4396 | D:9      | Reached skill level 1 in Evocations
  4402 | D:9      | HP: 2/98 [deep elf knight/stone arrow (8)]
  4404 | D:9      | Collided with a stone wall

Illustrated notes

Levels and vault maps discovered:
D:1:      saegor_arrival_simple_c, layout_basic, minmay_misc_feat_square
D:2:      layout_basic, grunt_decor_resistance
D:3:      layout_basic
D:4:      layout_rooms, serial_shops, shop
D:5:      layout_rooms, lemuel_doored_altar, grunt_temple_overflow_open
D:6:      layout_basic, minmay_temple_entry_crystal_x,
          gup_ossuary_entry_pyramid, uniq_sigmund, uniq_crazy_yiuf_cottage
D:7:      layout_cave_pools, nemelex_spade_bored_becter
D:8:      layout_basic, minitemple, uniq_psyche
D:9:      minmay_sliced_demisemicircle, layout_loops_ring, zin_academy,
          kiku_gazebo_garden_becter, lair_entry_dummy, gammafunk_ghost_hive,
          nrook_pool_corridor

Skill      XL: |  1  2  3  4  5  6  7  8  9 10 |
---------------+-------------------------------+-----
Fighting       | 3 4 5 6 7 8 |  8.9
Axes           | 3 4 5 6 7 9 10 | 10.2
Shields        | 4 5 6 7 8 |  8.0
Armour         | 4 5 6 7 |  7.8
Invocations    | 1 3 5 7 |  7.1
Evocations     | 1 |  1.1

Action                   |  1- 3 |  4- 6 |  7- 9 | 10-12 || total
-------------------------+-------+-------+-------+-------++-------
Melee: War axe           |    75 |   129 |   471 |   246 ||   921
Invok: Lesser Servant of |       |       |       |     2 ||     2
 Abil: Heal Wounds       |       |     3 |    21 |    11 ||    35
Evoke: Wand              |       |       |       |     2 ||     2
  Use: Scroll            |       |       |    13 |     4 ||    17
       Potion            |       |       |     4 |       ||     4
 Stab: Paralysed         |       |       |       |     6 ||     6
       Invisible         |       |       |       |     1 ||     1
Armor: Scale mail        |    58 |    44 |   132 |       ||   234
       Chain mail        |       |       |    92 |    70 ||   162
       Plate armour      |       |       |       |    58 ||    58
Dodge: Dodged            |    33 |    37 |   186 |    92 ||   348
       Repelled          |       |       |     1 |       ||     1
Block: Kite shield       |    49 |    75 |   287 |   158 ||   569

Table legend: (Time is in decaauts)
 A = Elapsed time spent in this place.
 B = Non-inter-level travel time spent in this place.
 C = Inter-level travel time spent in this place.
 D = Time resting spent in this place.
 E = Time spent auto-exploring this place.
 F = Levels seen in this place.
 G = Mean time per level.
                   A        B        C        D        E       F      G
               +--------+--------+--------+--------+--------+-----+--------+
         Total |   4609 |   4451 |    158 |     22 |   2587 |  10 |  460.9 |
       Dungeon |   4426 |   4268 |    158 |     22 |   2512 |   9 |  491.8 |
       Ossuary |    183 |    183 |      0 |      0 |     75 |   1 |  183.0 |
               +--------+--------+--------+--------+--------+-----+--------+

Top non-repeatable levels by time:
     D:6: 912 daAuts
     D:8: 756 daAuts
     D:7: 669 daAuts
     D:4: 629 daAuts
     D:5: 620 daAuts
     D:9: 475 daAuts
 Ossuary: 183 daAuts
     D:3: 172 daAuts
     D:2: 117 daAuts
     D:1: 71 daAuts
